 Dungeon Crawl Stone Soup version 0.25-a0-869-g05d4e06a41 (webtiles) character file.

Game seed: 11309319527388503896, levelgen mode: deterministic

1175 gruber the Charmwright (level 8, 0/63 HPs)
             Began as a Gnoll Skald on Apr 30, 2020.
             Was a Believer of Okawaru.
             Slain by a water moccasin (6 damage)
             ... on level 5 of the Dungeon.
             The game lasted 00:07:55 (4471 turns).

gruber the Charmwright (Gnoll Skald)                Turns: 4471, Time: 00:07:57

Health: 0/63       AC:  8    Str: 14    XL:     8   Next: 41%
Magic:  13/17      EV: 15    Int: 15    God:    Okawaru [**....]
Gold:   236        SH:  0    Dex: 18    Spells: 10/19 levels left

rFire    . . .     SeeInvis .   z - +2 whip (flame)
rCold    . . .     Gourm    .   (no shield)
rNeg     . . .     Faith    .   b - +0 leather armour
rPois    +         Spirit   .   y - +2 helmet
rElec    .         Reflect  .   w - +1 cloak {rPois}
rCorr    .         Harm     .   (no gloves)
MR       .....                  (no boots)
Stlth    ++........             n - amulet of the acrobat
HPRegen  0.20/turn              e - +3 ring of dexterity
MPRegen  0.15/turn              u - -2 ring of intelligence (curse)

@: singing
A: distributed training, fangs 1, strong nose
a: Heroism, Renounce Religion


You were on level 5 of the Dungeon.
You worshipped Okawaru.
Okawaru was pleased with you.
You were near starving.

You visited 1 branch of the dungeon, and saw 5 of its levels.

You collected 236 gold pieces.

Inventory:

Hand Weapons
 z - a +2 whip of flaming (weapon)
 C - a +0 trident
Missiles
 j - 7 javelins (quivered)
Armour
 b - a +0 leather armour (worn)
 w - a +1 cloak of poison resistance (worn)
 y - a +2 helmet (worn)
Jewellery
 e - a +3 ring of dexterity (left hand)
 n - an amulet of the acrobat (around neck)
 p - an uncursed ring of ice
 u - a cursed -2 ring of intelligence (right hand)
 x - a +3 ring of dexterity
Wands
 o - a wand of acid (7)
 q - a wand of scattershot (3)
 v - a wand of random effects (7)
Scrolls
 c - 2 scrolls of amnesia {unknown}
 f - a scroll of remove curse {unknown}
 i - 2 scrolls of immolation {unknown}
 m - 3 scrolls of fog {unknown}
 r - 2 scrolls of teleportation {unknown}
 s - a scroll of enchant weapon {unknown}
 t - a scroll of enchant armour {unknown}
 A - 4 scrolls of identify {unknown}
 B - a scroll of magic mapping {unknown}
Potions
 g - 5 potions of curing {unknown}
 h - a potion of berserk rage {unknown}
 k - 2 potions of heal wounds {unknown}
 l - a potion of resistance {unknown}
Comestibles
 d - 8 rations


   Skills:
 + Level 5.6 Fighting
 + Level 3.2 Short Blades
 + Level 3.2 Long Blades
 + Level 3.2 Axes
 + Level 3.2 Maces & Flails
 + Level 5.6 Polearms
 + Level 3.2 Staves
 + Level 3.2 Slings
 + Level 3.2 Bows
 + Level 3.2 Crossbows
 + Level 3.2 Throwing
 + Level 4.1 Armour
 + Level 5.6 Dodging
 + Level 3.2 Stealth
 + Level 3.2 Shields
 + Level 3.2 Unarmed Combat
 + Level 6.0 Spellcasting
 + Level 2.6 Conjurations
 + Level 2.6 Hexes
 + Level 6.1 Charms
 + Level 2.6 Summonings
 + Level 2.6 Necromancy
 + Level 2.6 Translocations
 + Level 2.6 Transmutations
 + Level 2.6 Fire Magic
 + Level 2.6 Ice Magic
 + Level 2.6 Air Magic
 + Level 2.6 Earth Magic
 + Level 2.6 Poison Magic
 + Level 3.5 Invocations
 + Level 3.2 Evocations


You had 10 spell levels left.
You knew the following spells:

 Your Spells              Type           Power        Failure   Level  Hunger
a - Infusion              Chrm           ###.         1%          1    None
b - Song of Slaying       Chrm           ###.....     2%          2    #......
c - Ozocubu's Armour      Chrm/Ice       ###.....     9%          3    ##.....
d - Spectral Weapon       Hex/Chrm       ###.....     9%          3    ##.....

Your spell library contained the following spells:

 Spells                   Type           Power        Failure   Level  Hunger
 Shroud of Golubria       Chrm/Tloc      ###...       4%          2    #......
 Magic Dart               Conj           ##..         6%          1    None
 Blink                    Tloc           N/A          10%         2    #......
 Call Imp                 Summ           ##......     10%         2    #......
 Slow                     Hex            ##......     10%         2    #......
 Conjure Flame            Conj/Fire      ##......     19%         3    ##.....
 Mephitic Cloud           Conj/Pois/Air  ##......     19%         3    ##.....


Dungeon Overview and Level Annotations

Branches:
Dungeon (5/15)
 Temple: D:4-7

Altars:
Gozag
Okawaru
Sif Muna
Wu Jian
Xom
The Shining One

Annotations:
D:5 Sigmund


Innate Abilities, Weirdness & Mutations

Your experience applies equally to all skills.
You have very sharp teeth.
Your uncanny sense of smell can sniff out nearby items.


Message History

* * * LOW HITPOINT WARNING * * *
The water moccasin bites you.
* * * LOW HITPOINT WARNING * * *
Unknown command.
You miss the water moccasin.
You bite the water moccasin, but do no damage.
The water moccasin is almost dead.
Your spectral weapon closely misses the water moccasin.
The water moccasin misses you. Something hits you but does no damage.
You barely miss the water moccasin.
The water moccasin is almost dead.
Your spectral weapon closely misses the water moccasin.
The water moccasin bites you but does no damage.
You hit the water moccasin but do no damage.
The water moccasin is almost dead.
Your spectral weapon hits the water moccasin but does no damage.
The water moccasin bites you!
* * * LOW HITPOINT WARNING * * *
Something hits you but does no damage. The water moccasin bites you.
You die...

#
##########.#
....W.(@...+
....###S##.#
. #{# #o# ..
#o# .... #W#
# ..... #o#
.#
.....###[##.#
.......)....#


You could see 2 phantoms, a water moccasin, 3 orcs and a friendly spectral +2
whip of flaming.

Vanquished Creatures
  Pikel (D:4)
  A phantom (D:5)
  4 slaves (D:4)
  A sky beast (D:5)
  Blork the orc (D:4)
  Crazy Yiuf (D:2)
  5 orc priests (D:5)
  An iguana (D:4)
  A bullfrog skeleton (D:4)
  A worker ant (D:5)
  A hound skeleton (D:4)
  Robin (D:4)
  2 adders
  An ooze (D:1)
  An adder skeleton (D:4)
  A worm (D:3)
  4 dart slugs
  23 orcs
  7 bats
  3 giant cockroaches
  12 goblins
  13 hobgoblins
  17 jackals
  2 quokkas
  7 frilled lizards
  9 kobolds
  7 rats
128 creatures vanquished.

Vanquished Creatures (others)
  A spectral weapon (D:4)
1 creature vanquished.

Grand Total: 129 creatures vanquished

Notes
Turn   | Place    | Note
-------+----------+-------------------------------------------
     0 | D:1      | gruber the Gnoll Skald began the quest for the Orb.
     0 | D:1      | Reached XP level 1. HP: 20/20 MP: 6/6
    67 | D:1      | Reached XP level 2. HP: 22/26 MP: 7/7
   360 | D:1      | Learned a level 2 spell: Song of Slaying
   514 | D:1      | Reached XP level 3. HP: 31/31 MP: 9/9
   532 | D:1      | Reached skill level 5 in Spellcasting
   594 | D:1      | Reached skill level 1 in Invocations
   877 | D:2      | Reached skill level 1 in Short Blades
   877 | D:2      | Reached skill level 1 in Long Blades
   877 | D:2      | Reached skill level 1 in Axes
   877 | D:2      | Reached skill level 1 in Maces & Flails
   877 | D:2      | Reached skill level 1 in Staves
   877 | D:2      | Reached skill level 1 in Slings
   877 | D:2      | Reached skill level 1 in Bows
   877 | D:2      | Reached skill level 1 in Crossbows
   877 | D:2      | Reached skill level 1 in Throwing
   877 | D:2      | Reached skill level 1 in Stealth
   877 | D:2      | Reached skill level 1 in Shields
   877 | D:2      | Reached skill level 1 in Unarmed Combat
   877 | D:2      | Reached skill level 1 in Evocations
  1014 | D:2      | Reached XP level 4. HP: 38/38 MP: 6/11
  1209 | D:2      | Found a runed translucent door.
  1210 | D:2      | Noticed Crazy Yiuf
  1223 | D:2      | Found an iron altar of Okawaru.
  1340 | D:2      | Became a worshipper of Warmaster Okawaru
  1609 | D:2      | Learned a level 3 spell: Ozocubu's Armour
  1613 | D:2      | Learned a level 3 spell: Spectral Weapon
  1622 | D:2      | Killed Crazy Yiuf
  1622 | D:2      | Reached skill level 1 in Conjurations
  1622 | D:2      | Reached skill level 1 in Hexes
  1622 | D:2      | Reached skill level 1 in Summonings
  1622 | D:2      | Reached skill level 1 in Necromancy
  1622 | D:2      | Reached skill level 1 in Translocations
  1622 | D:2      | Reached skill level 1 in Transmutations
  1622 | D:2      | Reached skill level 1 in Fire Magic
  1622 | D:2      | Reached skill level 1 in Ice Magic
  1622 | D:2      | Reached skill level 1 in Air Magic
  1622 | D:2      | Reached skill level 1 in Earth Magic
  1622 | D:2      | Reached skill level 1 in Poison Magic
  1886 | D:3      | Reached XP level 5. HP: 43/43 MP: 5/12
  2276 | D:3      | Found a faded altar of an unknown god.
  2276 | D:3      | Found an opulent altar of Gozag.
  2296 | D:3      | Found a faded altar of an unknown god.
  2298 | D:3      | Found a shimmering blue altar of Sif Muna.
  2299 | D:3      | Found a glowing golden altar of the Shining One.
  2588 | D:4      | Noticed Robin
  2797 | D:4      | Killed Robin
  2830 | D:4      | Noticed a slave
  2852 | D:4      | Killed a slave
  2890 | D:4      | Noticed Pikel
  2890 | D:4      | Noticed a slave
  3093 | D:4      | Noticed a slave
  3094 | D:4      | Noticed a slave
  3116 | D:4      | Killed a slave
  3284 | D:4      | Killed a slave
  3294 | D:4      | Killed a slave
  3366 | D:4      | Killed Pikel
  3366 | D:4      | Reached * piety under Okawaru
  3366 | D:4      | Reached skill level 5 in Fighting
  3366 | D:4      | Reached skill level 5 in Polearms
  3366 | D:4      | Reached skill level 5 in Dodging
  3366 | D:4      | Reached XP level 6. HP: 8/51 MP: 3/14
  3366 | D:4      | Reached XP level 7. HP: 8/56 MP: 3/15
  3747 | D:4      | Noticed Blork the orc
  3759 | D:4      | Killed Blork the orc
  3823 | D:4      | Found an ornate altar of the Wu Jian Council.
  4065 | D:5      | Entered Level 5 of the Dungeon
  4131 | D:5      | Reached XP level 8. HP: 46/63 MP: 14/16
  4166 | D:5      | Found a shimmering altar of Xom.
  4199 | D:5      | Reached ** piety under Okawaru
  4352 | D:5      | Noticed Sigmund
  4471 | D:5      | Slain by a water moccasin

Levels and vault maps discovered:
D:1:      dpeg_arrival_simpleton_c, layout_loops_ring, minmay_indecisive_spiral
D:2:      layout_basic, okawaru_metal_pillars_1_2, uniq_crazy_yiuf_cottage
D:3:      layout_basic, chequers_temple_overflow_minitemple, minmay_crystal_room
D:4:      layout_gridville, kennysheep_little_box, first_ration,
          uniq_blork_the_orc, uniq_robin, uniq_pikel
D:5:      layout_basic, overflow_temple_1_default, uniq_sigmund

Skill      XL: |  1  2  3  4  5  6  7  8 |
---------------+-------------------------+-----
Spellcasting   | 5 6 |  6.0
Invocations    | 1 2 3 |  3.5
Short Blades   | 1 2 3 |  3.2
Long Blades    | 1 2 3 |  3.2
Axes           | 1 2 3 |  3.2
Maces & Flails | 1 2 3 |  3.2
Staves         | 1 2 3 |  3.2
Slings         | 1 2 3 |  3.2
Bows           | 1 2 3 |  3.2
Crossbows      | 1 2 3 |  3.2
Throwing       | 1 2 3 |  3.2
Stealth        | 1 2 3 |  3.2
Shields        | 1 2 3 |  3.2
Unarmed Combat | 1 2 3 |  3.2
Evocations     | 1 2 3 |  3.2
Conjurations   | 1 2 |  2.6
Hexes          | 1 2 |  2.6
Summonings     | 1 2 |  2.6
Necromancy     | 1 2 |  2.6
Translocations | 1 2 |  2.6
Transmutations | 1 2 |  2.6
Fire Magic     | 1 2 |  2.6
Ice Magic      | 1 2 |  2.6
Air Magic      | 1 2 |  2.6
Earth Magic    | 1 2 |  2.6
Poison Magic   | 1 2 |  2.6
Armour         | 3 4 |  4.1
Fighting       | 5 |  5.6
Polearms       | 5 |  5.6
Dodging        | 5 |  5.6
Charms         | 6 |  6.1

Action                   |  1- 3 |  4- 6 |  7- 9 || total
-------------------------+-------+-------+-------++-------
Melee: Spear             |   128 |   240 |       ||   368
       Bite              |    12 |    27 |     9 ||    48
       Punch             |       |     6 |     3 ||     9
       Whip              |       |       |    85 ||    85
Throw: Javelin           |       |     3 |       ||     3
 Cast: Infusion          |     5 |     3 |       ||     8
       Song of Slaying   |     2 |     3 |     2 ||     7
       Spectral Weapon   |       |    16 |     9 ||    25
       Ozocubu's Armour  |       |     6 |       ||     6
Evoke: Wand              |       |     1 |     3 ||     4
 Stab: Sleeping          |     1 |     5 |       ||     6
       Distracted        |     1 |     3 |     1 ||     5
  Eat: Chunk             |       |     9 |       ||     9
       Ration            |       |       |     1 ||     1
Armor: Leather armour    |    16 |    45 |    22 ||    83
Dodge: Dodged            |    62 |   114 |    60 ||   236

Table legend:
 A = Non-vault XP
 B = Vault XP
 C = Vault XP percentage of total XP
 D = Non-vault monster count
 E = Vault monster count
 F = Vault count percentage of total count
                 A         B        C        D         E       F
            +---------+---------+-------+---------+---------+-------
      Total |     832 |     847 |  50.4 |     106 |      18 |  14.5
            +---------+---------+-------+---------+---------+-------
        D:1 |      58 |       7 |  10.8 |      27 |       4 |  12.9
        D:2 |      40 |      44 |  52.4 |      24 |       1 |   4.0
        D:3 |      90 |       7 |   7.2 |      33 |       4 |  10.8
        D:4 |     119 |     789 |  86.9 |       8 |       9 |  52.9
        D:5 |     525 |       0 |   0.0 |      14 |       0 |   0.0
            +---------+---------+-------+---------+---------+-------
